 Dungeon Crawl Stone Soup version 0.18.1-48-g4cf74bf (webtiles) character file.

11510 nikopol the Spear-Bearer (level 11, -1/101 HPs)
             Began as a Minotaur Berserker on July 1, 2016.
             Was the Champion of Trog.
             Slain by an unseen horror (6 damage)
             ... on level 11 of the Dungeon.
             The game lasted 00:27:24 (8285 turns).

nikopol the Spear-Bearer (Minotaur Berserker)       Turns: 8285, Time: 00:27:24

Health: -1/101     AC: 22    Str: 26    XL:     11   Next: 50%
Magic:  3/3        EV: 13    Int:  4    God:    Trog [******]
Gold:   501        SH:  3    Dex: 13    Spells: 0 memorised, 10 levels left

rFire  . . .     SeeInvis .     x - +3 trident (antimagic)
rCold  . . .     Gourm    .     G - +0 chain mail
rNeg   . . .     Faith    .     (no shield)
rPois  .         Spirit   .     (helmet restricted)
rElec  .         Dismiss  .     J - +0 cloak
rCorr  .         Reflect  +     T - +0 pair of gloves
SustAt .         Harm     .     D - +1 pair of boots
MR     .....                    o - +3 amulet of reflection
Stlth  ..........               U - +5 ring of protection
                                E - +4 ring of strength

@: exhausted, slowed, very slow, not resistant to hostile enchantments,
extremely unstealthy
A: retaliatory headbutt, horns 2
a: Berserk, Trog's Hand, Brothers in Arms, Burn Spellbooks, Renounce Religion


You were on level 11 of the Dungeon.
You worshipped Trog.
Trog was exalted by your worship.
You were near starving.

You visited 1 branch of the dungeon, and saw 11 of its levels.

You collected 501 gold pieces.

Inventory:

Hand Weapons
 c - a +1 shortbow
 v - a +2 scythe of slicing
 x - a +3 antimagic trident (weapon)
 R - a +1 glaive of protection
Missiles
 e - 240 arrows (quivered)
Armour
 b - a +0 animal skin
 d - a +0 ring mail
 p - the cursed +1 leather armour "Keghops" {rF+ Regen+ rCorr, unknown}
   (You found it on level 11 of the Dungeon)

   It protects you from fire.
   It increases your rate of regeneration.
   It protects you from acid and corrosion.
   It has a curse placed upon it.
 r - a +0 leather armour of magic resistance
 C - a cursed -1 ring mail
 D - a +1 pair of boots (worn)
 G - a +0 chain mail (worn)
 I - a +2 ring mail of poison resistance
 J - a +0 cloak (worn)
 T - a +0 pair of gloves (worn)
Jewellery
 n - an uncursed ring of resist corrosion
 o - a +3 amulet of reflection (around neck)
 E - a +4 ring of strength (left hand)
 M - an uncursed ring of protection from fire
 U - a +5 ring of protection (right hand)
Wands
 K - a wand of enslavement (24/24)
Scrolls
 f - a scroll of amnesia
 g - 3 scrolls of enchant weapon
 h - 9 scrolls of identify
 i - 3 scrolls of remove curse
 j - a scroll of random uselessness
 q - a scroll of noise
 t - a scroll of teleportation
 y - a scroll of recharging
 H - 3 scrolls of enchant armour
 W - a scroll of fear {unknown}
 X - a scroll of acquirement {unknown}
Potions
 l - 6 potions of haste
 m - 6 potions of degeneration
 u - 5 potions of lignification {unknown}
 z - a potion of ambrosia {unknown}
 A - 2 potions of heal wounds {unknown}
 B - a potion of berserk rage {unknown}
 F - a potion of beneficial mutation {unknown}
 L - 2 potions of curing {unknown}
 P - a potion of invisibility {unknown}
 Q - a potion of magic {unknown}
 Y - a potion of flight {unknown}
Comestibles
 a - 8 slices of pizza
 k - 6 beef jerkies
 s - 7 meat rations
 V - 7 bread rations
 Z - 6 fruits


   Skills:
 + Level 10.9 Fighting
 * Level 11.4 Polearms
 * Level 5.7 Bows
 + Level 10.7 Armour
 + Level 9.8 Dodging


You had 10 spell levels left.
You didn't know any spells.

Dungeon Overview and Level Annotations

Branches:
Dungeon (11/15)            Temple (0/1) D:4            Lair (0/8) D:11
    Orc (0/2) D:11

Altars:
Ashenzari
Qazlal
Ru
Sif Muna
Zin

Shops:
D:9 }*

Portals:
Ice
Cave: D:11


Innate Abilities, Weirdness & Mutations

You reflexively headbutt those who attack you in melee.
You have a pair of horns on your head.


Message History

You hit the white imp.
The white imp's magic leaks into the air.
The white imp is severely wounded.
Something barely misses you.
You are feeling very hungry.
You puncture the white imp!
You kill the white imp!
Trog accepts your kill. Something hits you but does no damage.
Something hits you but does no damage.
You feel a strong urge to attack something.
Something hits you but does no damage. Something hits you but does no damage.
You see here a fruit.
You feel your anger subside.
You are no longer berserk.
You are exhausted.
You feel yourself slow down.
You are near starving!
Something hits you.
You die...

*,,,,,,*,,,*,,,,,*
#......#,,,*>,,,,+
#......#,,,*,,,,,*
#......#,,,*,,>,,*
#......#,,,*,,,,,*
#####......#,,,*,,,,,*
##.........#*##+#*#+###
#.........†###..##.....
#...∩.@%.........#.....
#................#.....
#................#.....
#.#.##.................
#...............$$.....
#############..........
*,,,,,*#.$........
*,,,,........$....
*,,,.......>......


There were no monsters in sight!

Vanquished Creatures
  A hydra (D:11)
  Erica (D:10)
  The ghost of Rationalist the Nimble, a novice MiFi (D:6)
  Pikel (D:5)
  The ghost of juanjsm the Covert, a novice SpEn of Okawaru (D:8)
  The ghost of PeterLawrence the Shield-Bearer, an amateur MiFi (D:4)
  Prince Ribbit (D:5)
  Sigmund (D:6)
  18 yaks
  4 hippogriffs
  Eustachio (D:3)
  A human (D:7)
  2 hogs (D:7)
  Grum (D:10)
  A hungry ghost (D:9)
  Menkaure (D:6)
  5 orc warriors
  2 ice beasts
  A sky beast (D:10)
  A phantom (D:9)
  2 black bears
  3 centaurs (D:9)
  4 ogres
  3 wolves (D:10)
  A big kobold (D:8)
  6 giant frogs
  2 scorpions
  6 howler monkeys
  4 crimson imps
  A centaur zombie (D:7)
  A gnoll shaman (D:6)
  3 jellies
  A centaur skeleton (D:7)
  4 hounds
  Crazy Yiuf (D:6)
  3 orc priests
  4 worker ants
  6 iguanas
  12 orc wizards
  2 sheep (D:7)
  Robin (D:4)
  16 adders
  16 gnolls
  4 shadow imps
  12 white imps (D:11)
  2 oozes (D:3)
  2 adder zombies
  4 worms
  4 dart slugs
  7 giant geckos
  44 orcs
  7 giant cockroaches
  24 goblins
  12 hobgoblins
  13 jackals
  6 quokkas
  A ball python (D:2)
  8 bats
  7 giant newts
  11 kobolds
  2 quokka skeletons
  9 rats
327 creatures vanquished.

Vanquished Creatures (others)
  A phantom (D:4)
1 creature vanquished.

Grand Total: 328 creatures vanquished

Notes
Turn   | Place    | Note
--------------------------------------------------------------
     0 | D:1      | nikopol the Minotaur Berserker began the quest for the Orb.
     0 | D:1      | Reached XP level 1. HP: 19/19 MP: 0/0
   127 | D:1      | Reached XP level 2. HP: 19/27 MP: 1/1
   232 | D:1      | You fall through a shaft!
   382 | D:2      | Reached skill level 4 in Polearms
   388 | D:2      | Reached ** piety under Trog
   473 | D:2      | Reached XP level 3. HP: 33/33 MP: 2/2
   724 | D:1      | Reached XP level 4. HP: 40/40 MP: 3/3
  1084 | D:2      | Reached *** piety under Trog
  1132 | D:3      | Reached XP level 5. HP: 47/47 MP: 4/4
  1294 | D:3      | Reached skill level 5 in Polearms
  1343 | D:3      | Reached skill level 5 in Fighting
  1428 | D:3      | Reached **** piety under Trog
  1535 | D:3      | Found a shattered altar of Ashenzari.
  1749 | D:3      | Reached XP level 6. HP: 15/56 MP: 5/5
  2144 | D:4      | Noticed Eustachio
  2267 | D:3      | Killed Eustachio
  2608 | D:4      | Reached skill level 5 in Armour
  2613 | D:4      | Reached XP level 7. HP: 61/61 MP: 6/6
  2688 | D:4      | Noticed PeterLawrence's ghost (amateur MiFi)
  2689 | D:4      | Found a staircase to the Ecumenical Temple.
  2704 | D:4      | Killed PeterLawrence's ghost
  2704 | D:4      | Reached skill level 6 in Polearms
  2806 | D:4      | Reached ***** piety under Trog
  3007 | D:4      | Reached skill level 5 in Dodging
  3068 | D:4      | Noticed Robin
  3082 | D:4      | Killed Robin
  3090 | D:4      | Received a gift from Trog
  3264 | D:5      | Entered Level 5 of the Dungeon
  3304 | D:5      | Noticed Prince Ribbit
  3315 | D:5      | Killed Prince Ribbit
  3315 | D:5      | Reached XP level 8. HP: 40/71 MP: 2/7
  3388 | D:5      | Noticed Pikel
  3406 | D:5      | Killed Pikel
  3406 | D:5      | Reached skill level 7 in Polearms
  3933 | D:6      | Noticed Crazy Yiuf
  3936 | D:6      | Killed Crazy Yiuf
  4002 | D:6      | Noticed Menkaure
  4004 | D:6      | Killed Menkaure
  4046 | D:6      | Reached skill level 8 in Polearms
  4102 | D:6      | Noticed Rationalist's ghost (novice MiFi)
  4125 | D:6      | Killed Rationalist's ghost
  4125 | D:6      | Reached XP level 9. HP: 59/81 MP: 2/8
  4409 | D:6      | Noticed Sigmund
  4416 | D:6      | Killed Sigmund
  4813 | D:7      | Reached skill level 9 in Polearms
  5330 | D:8      | Reached XP level 10. HP: 91/91 MP: 3/9
  5528 | D:8      | Received a gift from Trog
  5533 | D:8      | Found a deep blue altar of Sif Muna.
  5678 | D:8      | Noticed juanjsm's ghost (novice SpEn)
  5692 | D:8      | Killed juanjsm's ghost
  5760 | D:8      | Found a glowing silver altar of Zin.
  5814 | D:8      | You fall through a shaft!
  5814 | D:9      | Found Zaitraw's Gadget Shop.
  5846 | D:9      | Found a sacrificial altar of Ru.
  6019 | D:9      | Reached skill level 10 in Fighting
  6019 | D:9      | Reached skill level 10 in Polearms
  6101 | D:9      | Found Situkipn's Assorted Antiques.
  6279 | D:9      | Reached skill level 1 in Bows
  6533 | D:9      | Found a stormy altar of Qazlal.
  6628 | D:9      | Reached skill level 10 in Armour
  6642 | D:9      | Received a gift from Trog
  6720 | D:9      | Reached XP level 11. HP: 68/101 MP: 10/10
  6901 | D:10     | Entered Level 10 of the Dungeon
  7300 | D:10     | Noticed Grum
  7307 | D:10     | Killed Grum
  7455 | D:10     | Reached skill level 11 in Polearms
  7465 | D:10     | Reached skill level 5 in Bows
  7609 | D:10     | Noticed Erica
  7620 | D:10     | Killed Erica
  8195 | D:11     | Found a staircase to the Lair.
  8200 | D:11     | Got a crude leather armour
  8236 | D:11     | Reached ****** piety under Trog
  8243 | D:11     | Found a staircase to the Orcish Mines.
  8255 | D:11     | Noticed a four-headed hydra
  8256 | D:11     | Found a frozen archway.
  8264 | D:11     | Killed a four-headed hydra
  8277 | D:11     | HP: 5/151 [something (4)]
  8285 | D:11     | Slain by an unseen horror

Skill      XL: |  1  2  3  4  5  6  7  8  9 10 11 |
---------------+----------------------------------+-----
Fighting       | 4 5 6 8 9 10 | 10.9
Polearms       | 4 5 6 8 9 10 11 | 11.4
Armour         | 3 4 5 7 8 10 | 10.7
Dodging        | 3 4 5 7 8 9 |  9.8
Bows           | 4 5 |  5.7

Action                   |  1- 3 |  4- 6 |  7- 9 | 10-12 || total
-------------------------+-------+-------+-------+-------++-------
Melee: Spear             |    86 |   223 |    91 |       ||   400
       Headbutt          |    13 |    31 |    53 |    86 ||   183
       Trident           |       |       |   208 |   359 ||   567
       Shortbow          |       |       |       |     1 ||     1
 Fire: Shortbow          |       |       |       |    81 ||    81
Invok: Berserk           |       |     4 |     5 |     5 ||    14
       Burn Spellbooks   |       |       |     1 |       ||     1
  Use: Scroll            |       |       |       |    13 ||    13
 Stab: Sleeping          |       |       |     1 |       ||     1
  Eat: Chunk             |       |     8 |    14 |    14 ||    36
       Royal jelly       |       |       |     1 |       ||     1
Armor: Ring mail         |    16 |    48 |       |       ||    64
       Leather armour    |       |     7 |    10 |       ||    17
       Chain mail        |       |       |    51 |   223 ||   274
Dodge: Dodged            |    31 |   107 |   123 |   160 ||   421
Block: Other             |       |       |    24 |    44 ||    68
       Reflection        |       |       |       |     2 ||     2
